 Dungeon Crawl Stone Soup version 0.30-a0-799-g109b55a442 (webtiles) character file.

Game seed: 3857490646641536179

83 cheesebisquit the Ducker (level 4, -5/33 HPs)
             Began as a Djinni Fire Elementalist on Feb 20, 2023.
             Killed from afar by a white imp (16 damage)
             ... with a puff of frost
             ... summoned by Natasha
             ... on level 2 of the Dungeon.
             The game lasted 00:06:48 (1283 turns).

cheesebisquit the Ducker (Djinni Fire Elementalist) Turns: 1283, Time: 00:06:48

Health: -5/33      AC:  2    Str:  7    XL:     4   Next: 71%
Gold:   96         EV: 13    Int: 18    God:
                   SH:  0    Dex: 14

rFire   + + .      SeeInvis .    (no weapon)
rCold   x . .      Faith    .    (no shield)
rNeg    . . .      Spirit   .    a - +0 robe
rPois   ∞          Reflect  .    (no helmet)
rElec   .          Harm     .    (no cloak)
rCorr   .          Rampage  .    (no gloves)
Will    .....                    (boots unavailable)
Stlth   ++                       c - amulet of regeneration
HPRegen 1.05/turn                (no ring)
MPRegen 0.00/turn                (no ring)

@: flying, very slightly contaminated
A: sickness immunity, fire resistance 2, cold vulnerability 1, float, innate
caster, HP casting, extra vitality 1
a: no special abilities


You were on level 2 of the Dungeon.
You visited 1 branch of the dungeon, and saw 2 of its levels.

You collected 96 gold pieces.

Inventory:

Hand Weapons
 b - a +2 dagger of flaming
Missiles
 d - 12 poisoned darts
Armour
 a - a +0 robe (worn)
Jewellery
 c - an amulet of regeneration (around neck)
Scrolls
 h - a scroll of identify {unknown}
 i - 3 scrolls of teleportation {unknown}
Potions
 e - a potion of curing {unknown}
 f - a potion of berserk rage {unknown}
 g - a potion of lignification {unknown}


   Skills:
 * Level 2.1 Fighting
 + Level 3.1 Dodging
 - Level 1.9 Stealth
 + Level 2.9 Spellcasting


You knew the following spells:

 Your Spells              Type           Power      Damage    Failure   Level
a - Foxfire               Conj/Fire      52%        2x1d6     4%          1
b - Scorch                Fire           26%        2d6       8%          2
c - Kindle Blastsparks    Fire/Tloc/Air  26%        2d12      14%         3
d - Inner Flame           Hex/Fire       13%        N/A       14%         3
e - Flame Wave            Conj/Fire      13%        2d6       43%         4
f - Necrotise             Necr           52%        1d6       4%          1
Your spell library was empty.

Dungeon Overview and Level Annotations

Branches:
Dungeon (2/15)

Altars:
Trog

Annotations:
D:2 Natasha


Innate Abilities, Weirdness & Mutations

You are immune to sickness and miasma.
You are immune to poison.
Your flesh is very heat resistant. (rF++)
You are vulnerable to cold. (rC-)
You float through the air rather than walking.
You learn spells naturally, not from books.
Your magical power is your life essence.
You have superior vitality. (+4 MHP)


Message History

The dart slug launches a dart at you. The slug dart misses you.
You conjure some foxfire!
The foxfire hits the dart slug.
The dart slug is heavily wounded.
Your foxfire dissipates!
The dart slug launches a dart at you. The slug dart misses you.
You miscast Foxfire.
You are very lightly contaminated with residual magic.
Nothing appears to happen.
You conjure some foxfire!
The foxfire hits the dart slug.
The dart slug is severely wounded.
The foxfire hits the dart slug.
You kill the dart slug!
Your magical contamination has completely faded away.
Natasha, Servant of Life and Death comes into view.
She is carrying a wand of polymorph (5).
Natasha hisses angrily.
You conjure some foxfire!
Natasha casts a spell.
The foxfire hits the white imp.
The white imp is lightly wounded.
The foxfire hits Natasha.
Natasha is lightly wounded.
Natasha casts a spell.
The white imp gestures at you. The puff of frost hits you!
You feel a terrible chill!
You miscast Foxfire.
You are very lightly contaminated with residual magic.
Nothing appears to happen.
Natasha casts a spell at you. The magic dart hits you.
You are too injured to fight recklessly!
You are too injured to fight recklessly!
Casting: Foxfire (safe; 4% risk of failure)
Press: ? - help, Q - select action, (/) - cycle Dir - look around, f - activate You conjure some foxfire!
The white imp gestures at you. The puff of frost hits you!
You feel a terrible chill!
You die...

.........#.##..........##
#...........#..........#
#..............#.....###
#.....#..>........##.#
#.###.#..#.#..#.#.# .# ..
#.#..#.#..#.#.# .# #
#..#.#..#.#.# #
#.#.#.vv....#.#.# ## #
#....5@......(#.# .#####.#
#....h#....####.. ..#
.......## #...5.##.#.# ###
...
................##.#.#####
#.#
..######.......##.........
## #.# ..# ####.#
#..##.####.#.##.# ..## #.
#.....†.... ..... ...# #.
#...#.########<.. ...#
#................


You could see Natasha and 2 white imps.

Vanquished Creatures
  Natasha (D:2)
  3 worms (D:2)
  3 dart slugs (D:2)
  3 endoplasms (D:1)
  6 hobgoblins (D:1)
  2 quokkas (D:2)
  6 ball pythons (D:1)
  3 bats
  5 frilled lizards
  7 goblins
  A kobold (D:1)
  5 rats
45 creatures vanquished.

Vanquished Creatures (others)
  140 foxfires
140 creatures vanquished.

Grand Total: 185 creatures vanquished

Notes
Turn   | Place    | Note
-------+----------+-------------------------------------------
     0 | D:1      | cheesebisquit the Djinni Fire Elementalist began the quest
                  | for the Orb.
     0 | D:1      | cheesebisquit set off with the following spells memorised:
                  | Foxfire, Scorch, Kindle Blastsparks, Inner Flame, Flame
                  | Wave.
     0 | D:1      | Reached XP level 1. HP: 15/15 MP: 0/0
    70 | D:1      | Reached XP level 2. HP: 20/21 MP: 0/0
   311 | D:1      | Reached XP level 3. HP: 26/26 MP: 0/0
   311 | D:1      | Learned a level 1 spell: Necrotise
   363 | D:1      | Reached skill level 1 in Fighting
  1059 | D:2      | Reached XP level 4. HP: 30/32 MP: 0/0
  1062 | D:2      | Reached skill level 3 in Dodging
  1214 | D:2      | Found a bloodstained altar of Trog.
  1226 | D:2      | Noticed Natasha
  1233 | D:2      | Killed Natasha
  1278 | D:2      | Noticed Natasha
  1283 | D:2      | Killed from afar by a white imp

Illustrated notes

Levels and vault maps discovered:
D:1:      spicycebolla_green_bress_n_ham, layout_basic, serial_glass,
          glass_columns_c, glass_columns_b, glass_columns_a, glass_columns_b,
          glass_columns_a, skrybe_limestone_x, st_stairs_3
D:2:      layout_loops_ring, basic_altar,
          shapermc_ecumenical_altar_mp_urbaneastern, minmay_misc_feat_tiny,
          chequers_avenue, uniq_natasha

Skill      XL: |  1  2  3  4 |
---------------+-------------+-----
Fighting       | 1 2 |  2.1
Dodging        | 3 |  3.1
Stealth        | |  1.9
Spellcasting   | |  2.9

Action                     |  1- 3 |  4- 6 || total
---------------------------+-------+-------++-------
   Cast: Foxfire           |    66 |    17 ||    83
 Armour: Robe              |     2 |       ||     2
  Dodge: Dodged            |     8 |     4 ||    12

Table legend: (Time is in decaauts)
 A = Elapsed time spent in this place.
 B = Non-inter-level travel time spent in this place.
 C = Inter-level travel time spent in this place.
 D = Time resting spent in this place.
 E = Time spent auto-exploring this place.
 F = Levels seen in this place.
 G = Mean time per level.
                   A        B        C        D        E       F      G
               +--------+--------+--------+--------+--------+-----+--------+
         Total |   1282 |   1245 |     37 |      0 |    941 |   2 |  641.0 |
       Dungeon |   1282 |   1245 |     37 |      0 |    941 |   2 |  641.0 |
               +--------+--------+--------+--------+--------+-----+--------+

Top non-repeatable levels by time:
     D:1: 912 daAuts
     D:2: 370 daAuts
